 Dungeon Crawl Stone Soup version 0.28.0-45-g0d030f2227 (webtiles) character file.

Game seed: 1055364175761860244

74 Us3rname the Conjurer (level 4, 0/24 HPs)
             Began as a Deep Elf Conjurer on Apr 6, 2022.
             Slain by a hobgoblin (5 damage)
             ... led by Robin
             ... on level 2 of the Dungeon on Apr 9, 2022.
             The game lasted 00:06:00 (2835 turns).

Us3rname the Conjurer (Deep Elf Conjurer)           Turns: 2835, Time: 00:06:03

Health: 0/24       AC:  2    Str:  4    XL:     4   Next: 10%
Magic:  6/11       EV: 13    Int: 25    God:
Gold:   61         SH:  0    Dex: 13    Spells: 9/10 levels left

rFire   . . .      SeeInvis .   (no weapon)
rCold   . . .      Faith    .   (no shield)
rNeg    . . .      Spirit   .   a - +0 robe
rPois   .          Reflect  .   (no helmet)
rElec   .          Harm     .   (no cloak)
rCorr   .          Rampage  .   (no gloves)
Will    .....                   (no boots)
Stlth   ++........              (no amulet)
HPRegen 0.08/turn               (no ring)
MPRegen 0.12/turn               (no ring)

@: no status effects
A: no striking features
a: no special abilities


You were on level 2 of the Dungeon.
You visited 1 branch of the dungeon, and saw 3 of its levels.

You collected 61 gold pieces.

Inventory:

Missiles
 f - 3 boomerangs
Armour
 a - a +0 robe (worn)
Wands
 g - a wand of flame (25)
Scrolls
 b - a scroll of amnesia {unknown}
 d - 3 scrolls of teleportation {unknown}
 e - 2 scrolls of vulnerability {unknown}
 h - a scroll of identify {unknown}
Potions
 c - 2 potions of curing {unknown}


   Skills:
 + Level 0.5 Fighting
 + Level 0.5 Armour
 * Level 3.3 Dodging
 * Level 3.3 Stealth
 * Level 3.7 Spellcasting
 * Level 4.8 Conjurations


You had 9 spell levels left.
You knew the following spells:

 Your Spells              Type           Power      Damage    Failure   Level
a - Magic Dart            Conj           100%       1d8       1%          1

Your spell library contained the following spells:

 Spells                   Type           Power      Damage    Failure   Level
 Searing Ray              Conj           56%        2d6       1%          2
 Dazzling Flash           Conj/Hex       32%        N/A       11%         3
 Fulminant Prism          Conj/Hex       8%         3d7       34%         4
 Iskenderun's Mystic Bla  Conj/Tloc      16%        2d5       34%         4


Dungeon Overview and Level Annotations

Branches:
Dungeon (3/15)

Altars:
Okawaru

Annotations:
D:3 Robin


Message History

The goblins go into a battle-frenzy!
There is a stone staircase leading up here.
The goblin shouts!
The hobgoblin shouts!
The hobgoblin misses you. The hobgoblin barely misses you.
The goblin hits you with a +0 club. The worm bites you.
You hear a shout!
You climb upwards.
There is a stone staircase leading down here.
Aiming: Magic Dart (safe; 1% risk of failure)
Press: ? - help, Q - select action, (/) - cycle Shift-Dir - straight line, f - goblin
Aim: a goblin, wielding a +0 club (strong, 100% to hit)
The magic dart hits the goblin!
You kill the goblin!
The hobgoblin misses you. The hobgoblin barely misses you. The worm misses you.
Aiming: Magic Dart (safe; 1% risk of failure)
Press: ? - help, Q - select action, (/) - cycle Shift-Dir - straight line, f - worm
Aim: a worm (100% to hit)
The magic dart hits the worm.
The worm is moderately wounded.
The hobgoblin hits you. x2
Aiming: Magic Dart (safe; 1% risk of failure)
Press: ? - help, Q - select action, (/) - cycle Shift-Dir - straight line, f/p - worm
Aim: a worm (moderately wounded, 100% to hit)
The magic dart hits the worm.
The worm is heavily wounded.
The hobgoblin hits you. x2; The worm closely misses you.
Aiming: Magic Dart (safe; 1% risk of failure)
Press: ? - help, Q - select action, (/) - cycle Shift-Dir - straight line, f/p - worm
Aim: a worm (moderately wounded, 100% to hit)
The magic dart hits the worm.
The worm is heavily wounded.
The hobgoblin closely misses you. The hobgoblin hits you.
* * * LOW HITPOINT WARNING * * *
Aiming: Magic Dart (safe; 1% risk of failure)
Press: ? - help, Q - select action, (/) - cycle Shift-Dir - straight line, f/p - worm
Aim: a worm (heavily wounded, 100% to hit)
The magic dart hits the worm.
The worm is severely wounded.
The hobgoblin hits you.
You die...

######...##........#####.#######
#....†.............# #..........
#.######.##........# #..........
#.# #.##........# #.......... #.#
#.##........# ###'#....(.
#.######.##.#'#.###### #.#.)....
#........##...#......# #.####...
######........#)w....###.####.##
#............@g....'..........
#.#......<#.#.g....###.####.#.
####...#.......#.....## #.# #.#.
#........#####################.#.
#.####.####..............#.......
#.# #.###...............'.###.#.
#.# #.##................### #.##
#.# #.#....############## #...
#.# #.#...## ########


You could see a worm and 2 hobgoblins.

Vanquished Creatures
  An adder (D:2)
  2 worms (D:2)
  8 bats
  5 endoplasms
  3 giant cockroaches
  5 goblins
  9 hobgoblins
  5 jackals
  A kobold (D:1)
  A quokka (D:2)
  2 ball pythons
  2 frilled lizards (D:2)
  9 rats
53 creatures vanquished.

Notes
Turn   | Place    | Note
-------+----------+-------------------------------------------
     0 | D:1      | Us3rname the Deep Elf Conjurer began the quest for the Orb.
     0 | D:1      | Reached XP level 1. HP: 10/10 MP: 6/6
   230 | D:1      | Reached XP level 2. HP: 15/15 MP: 5/8
  1323 | D:2      | Reached XP level 3. HP: 20/20 MP: 7/9
  1471 | D:2      | Found an iron altar of Okawaru.
  2293 | D:2      | Found a faded altar of an unknown god.
  2753 | D:3      | Reached XP level 4. HP: 24/24 MP: 9/11
  2755 | D:3      | Noticed Robin
  2835 | D:2      | Slain by a hobgoblin

Illustrated notes

Levels and vault maps discovered:
D:1:      tarquinn_simple_flora_water_c, layout_basic
D:2:      layout_basic, basic_ecumenical_altar, basic_altar, nrook_uturn,
          supply_closet_lemuel
D:3:      layout_rooms, portal_sewer_entry_a, kennysheep_path_1, uniq_robin

Skill      XL: |  1  2  3 |
---------------+----------+-----
Stealth        | 3 |  3.3
Dodging        | 3 |  3.3
Fighting       | |  0.5
Armour         | |  0.5
Spellcasting   | |  3.7
Conjurations   | |  4.8

Action                   |  1- 3 |  4- 6 || total
-------------------------+-------+-------++-------
 Cast: Magic Dart        |   102 |    12 ||   114
Armor: Robe              |     4 |       ||     4
Dodge: Dodged            |     5 |    10 ||    15
